 Dungeon Crawl Stone Soup version 0.31-a0-167-g1c394c0614 (webtiles) character file.

Game seed: 11793729306898232248

30 qw the Shield-Bearer (level 3, -4/23 HPs)
             Began as a Gargoyle Fighter on June 14, 2023.
             Slain by Sigmund
             ... wielding a +0 antimagic scythe
              (8 damage)
             ... on level 2 of the Dungeon.
             The game lasted 00:00:30 (888 turns).

qw the Shield-Bearer (Gargoyle Fighter)              Turns: 888, Time: 00:00:31

Health: -4/23      AC: 13    Str: 21    XL:     3   Next: 18%
Magic:  0/3        EV:  7    Int:  8    God:
Gold:   91         SH:  4    Dex:  9    Spells: 2/2 levels left

rFire   . . .        Y - +3 war axe
rCold   . . .        c - +0 buckler
rNeg    + . .        n - +0 chain mail
rPois   inf          l - +0 helmet
rElec   +            (no cloak)
rCorr   .            (no gloves)
SInv    .            (no boots)
Will    .....        (no amulet) Stlth
                     (no ring)
HPRegen 0.23/turn    (no ring)
MPRegen 0.08/turn

%: no passive effects
@: no status effects
A: sickness immunity, AC +3, negative energy resistance 1, electricity
resistance, torment resistance 1, petrification resistance
a: no special abilities


You were on level 2 of the Dungeon.
You visited 1 branch of the dungeon, and saw 2 of its levels.

You collected 91 gold pieces.


Innate Abilities, Weirdness & Mutations

You are immune to sickness and miasma.
Your stone body is resilient. (AC +3)
You are immune to poison.
You resist negative energy. (rN+)
You are resistant to electric shocks. (rElec)
You are resistant to unholy torment.
You are immune to petrification.


   Skills:
 - Level 3.2 Fighting
 + Level 3.2 Axes
 - Level 3.2 Armour
 - Level 3.2 Shields


You had 2 spell levels left.
You didn't know any spells.
Your spell library was empty.

Inventory:

Hand Weapons
 f - a +0 whip
 Y - a +3 war axe (weapon)
Armour
 c - a +0 buckler (worn)
 l - a +0 helmet (worn)
 n - a +0 chain mail (worn)
Jewellery
 b - a ring of see invisible
Scrolls
 e - a scroll of identify {unknown}
Potions
 a - a potion of lignification {unknown}
 d - a potion of might
 h - a potion of invisibility {unknown}
 j - a potion of enlightenment {unknown}
 k - a potion of heal wounds {unknown}

Dungeon Overview and Level Annotations

Branches:
Dungeon (2/15)

Altars:

Annotations:
D:2 Sigmund


Message History

Sigmund casts a spell at you.
You are confused.
Sigmund gestures at you while chanting. The puff of flame hits you!
Sigmund breathes a few words.
Sigmund's hands start flickering wildly.
Sigmund gestures at you while chanting.
You are more confused.
Sigmund casts a spell.
Sigmund flickers and vanishes!
Deactivating autopickup; reactivate with Ctrl-A.
Something hits you.
You feel your power leaking away.
You bump into the rock wall.
You bump into the rock wall.
Something completely misses you. Something hits you but does no damage.
You barely miss something. Something hits you but does no damage.
You miss something.
You feel less confused.
You hear some strange, mumbled words.
A puff of flame appears from out of thin air!
The puff of flame hits you but does no damage.
You slash something! Something hits you.
You feel your power leaking away.
You barely miss something. Something hits you but does no damage.
You barely miss something. You barely miss something. Something hits you.
You barely miss something. Something hits you but does no damage.
You hit something. Something hits you.
You feel your power leaking away.
You barely miss something. Something hits you!
You die...

. ... #####
.....##############.....
......{@......##........
......#######..#.#######
..... ##.#.#...... ####
#...'...... #.#%#......
#.#.#...... #...#......
##).#...... ##.#..[...


There were no monsters in sight!

Vanquished Creatures
  A ball python (D:1)
  4 bats
  4 endoplasms
  A giant cockroach (D:1)
  5 goblins
  4 hobgoblins
  A quokka (D:1)
  3 frilled lizards (D:1)
  A kobold (D:1)
  2 rats (D:1)
26 creatures vanquished.

Notes
Turn   | Place    | Note
-------+----------+-------------------------------------------
     0 | D:1      | qw the Gargoyle Fighter began the quest for the Orb.
     0 | D:1      | Reached XP level 1. HP: 14/14 MP: 1/1
     0 | D:1      | 0 ||| qw: Version: 0.2-a-29-g1fa15c8
     0 | D:1      | 0 ||| qw: Game counter: 5152
     0 | D:1      | 0 ||| qw: Always use a shield: true
     0 | D:1      | 0 ||| qw: God list: Okawaru
     0 | D:1      | 0 ||| qw: Allow faded altars: false
     0 | D:1      | 0 ||| qw: Do Orc after D:15 true
     0 | D:1      | 0 ||| qw: Do second Lair branch before Depths: true
     0 | D:1      | 0 ||| qw: Lair rune preference: random
     0 | D:1      | 0 ||| qw: Plans: Normal, Zot:1-4, Slime:5, God:TSO, Crypt,
                  | Tomb, Abyss, Pan, Hells, Win
     0 | D:1      | 0 ||| PLANNING D:1-11
   156 | D:1      | 156 ||| Stepping ~*~*~tactically~*~*~ (stealth).
   157 | D:1      | 157 ||| UPGRADING to +3 war axe.
   158 | D:1      | 158 ||| DROPPING +0 war axe.
   159 | D:1      | 159 ||| Stepping ~*~*~tactically~*~*~ (stealth).
   167 | D:1      | Reached XP level 2. HP: 19/19 MP: 2/2
   271 | D:1      | 271 ||| Stepping ~*~*~tactically~*~*~ (hiding).
   419 | D:1      | Reached skill level 3 in Axes
   421 | D:1      | Reached XP level 3. HP: 12/23 MP: 3/3
   599 | D:1      | 599 ||| UPGRADING to +0 helmet.
   604 | D:1      | 604 ||| UPGRADING to +0 chain mail.
   614 | D:1      | 614 ||| DROPPING +0 scale mail.
   615 | D:1      | 615 ||| READING scroll labelled PAMAMO NOFFIU.
   616 | D:1      | 616 ||| READING scroll labelled FOUNUE IKKAM.
   617 | D:1      | 617 ||| READING 2 scrolls labelled BOCI LEFUMU.
   618 | D:1      | 618 ||| READING scroll labelled XIUFFYOROY.
   619 | D:1      | 619 ||| DROPPING scroll of fog.
   744 | D:2      | Identified the +3 quarterstaff "Sainwuz" {drain, rCorr}
   865 | D:2      | Noticed Sigmund
   866 | D:2      | 866 ||| Stepping ~*~*~tactically~*~*~ (hiding).
   867 | D:2      | 867 ||| Stepping ~*~*~tactically~*~*~ (hiding).
   887 | D:2      | HP: 4/23 [something (4)]
   888 | D:2      | Slain by Sigmund

Levels and vault maps discovered:
D:1:      dpeg_arrival_refuge, layout_basic
D:2:      layout_basic, basic_altar, minivault_25, uniq_sigmund, uniq_jessica

Skill      XL: |  1  2 |
---------------+-------+-----
Axes           | 2 3 |  3.2
Fighting       | |  3.2
Armour         | |  3.2
Shields        | |  3.2

Action                     || total
---------------------------++-------
  Melee: War axe           ||    64
    Use: Scroll            ||     4
 Armour: Scale mail        ||    17
         Chain mail        ||    10
  Dodge: Dodged            ||    24
  Block: Buckler           ||     9

Table legend:
 A = Non-vault XP
 B = Vault XP
 C = Vault XP percentage of total XP
 D = Non-vault monster count
 E = Vault monster count
 F = Vault count percentage of total count
                 A         B        C        D         E       F
            +---------+---------+-------+---------+---------+-------
      Total |      43 |       0 |   0.0 |      26 |       0 |   0.0
            +---------+---------+-------+---------+---------+-------
        D:1 |      36 |       0 |   0.0 |      22 |       0 |   0.0
        D:2 |       7 |       0 |   0.0 |       4 |       0 |   0.0
            +---------+---------+-------+---------+---------+-------
